 Dungeon Crawl Stone Soup version 0.18-a0-1300-g6e8322c (webtiles) character file.

10425 PierrePorte the Severer (level 11, -6/81 HPs)
             Began as a Minotaur Berserker on Feb 11, 2016.
             Was an Elder of Trog.
             Mangled by a hellwing (8 damage)
             ... on level 2 of the Abyss.
             The game lasted 01:07:08 (10524 turns).

PierrePorte the Severer (Minotaur Berserker)       Turns: 10524, Time: 01:07:09

Health: -6/81      AC: 19    Str: 27      XL:     11   Next: 36%
Magic:  5/5        EV: 15    Int:  5 (6)  God:    Trog [****..]
Gold:   668        SH:  0    Dex:  6 (8)  Spells: 0 memorised, 10 levels left

rFire  . . .     SeeInvis .     a - +3 hand axe "Efimoe" {antimagic, MP+9 Str+4 Dex-3}
rCold  . . .     Gourm    .     K - +1 scale mail {rN+}
rNeg   + . .     Faith    .     (no shield)
rPois  .         Spirit   .     (helmet restricted)
rElec  .         Dismiss  .     y - +2 cloak
rCorr  .         Reflect  .     l - +0 pair of gloves
SustAt .         Harm     .     v - +0 pair of boots
MR     +++..                    (no amulet)
Stlth  +.........               H - ring of protection from magic
                                O - +3 ring of protection

@: agile, regenerating, extremely resistant to hostile enchantments, very
unstealthy
A: retaliatory headbutt, horns 2, blurry vision 3, clumsy 2, deterioration 2,
frail 2, low mp 2, subdued magic 3
a: Berserk, Trog's Hand, Brothers in Arms, Burn Spellbooks, Renounce Religion


You were on level 2 of the Abyss.
You worshipped Trog.
Trog was greatly pleased with you.
You were not hungry.

You visited 3 branches of the dungeon, and saw 12 of its levels.
You visited the Abyss 1 time.

You collected 668 gold pieces.

Inventory:

Hand Weapons
 a - the +3 hand axe "Efimoe" (weapon) {antimagic, MP+9 Str+4 Dex-3}
   (You found it on level 8 of the Dungeon)

   It disrupts the flow of magical energy around spellcasters and certain
   magical creatures (including the wielder).
   It affects your strength (+4).
   It affects your dexterity (-3).
   It affects your magic capacity (+9).
 b - a +0 arbalest
 U - a +4 battleaxe
Missiles
 e - 29 stones (quivered)
 z - 122 bolts
 C - 16 bolts of frost
Armour
 l - a +0 pair of gloves (worn)
 q - a cursed +0 shield
 v - a +0 pair of boots (worn)
 y - a +2 cloak (worn)
 K - a +1 scale mail of positive energy (worn)
 R - a +0 plate armour
Jewellery
 o - an uncursed ring of protection from cold
 H - a ring of protection from magic (right hand)
 O - a +3 ring of protection (left hand)
Wands
 f - a wand of enslavement (10/24)
 x - a wand of slowing (28/48)
 I - a wand of lightning (11/15)
 L - a wand of iceblast (8/15)
 P - a wand of acid (7/15)
 T - a wand of paralysis (11/24)
 V - a wand of confusion (11/48)
Scrolls
 d - 2 scrolls of fog
 i - 6 scrolls of remove curse
 j - a scroll of teleportation
 k - 5 scrolls of enchant armour
 J - a scroll of identify
 W - a scroll of enchant weapon
Potions
 m - a potion of magic
 A - a potion of heal wounds {unknown}
 B - a potion of degeneration {unknown}
 G - a potion of agility
 Y - a potion of resistance {unknown}
Books
 M - a book of Dreams

   Spells                             Type                      Level
   a - Ensorcelled Hibernation        Hexes/Ice                    2
   b - Silence                        Hexes/Air                    5
   c - Darkness                       Hexes                        6
   d - Mass Confusion                 Hexes                        6
   e - Shadow Creatures               Summoning                    6
   Trog disapproves of the use of such an item.
Miscellaneous
 D - a legendary deck of defence
Comestibles
 c - 13 bread rations
 F - a royal jelly


   Skills:
 + Level 11.1 Fighting
 - Level 15.0 Axes
 + Level 10.8 Armour
 - Level 2.1 Dodging


You had 10 spell levels left.
You didn't know any spells.

Dungeon Overview and Level Annotations

Branches:
Dungeon (9/15)             Temple (1/1) D:7            Lair (2/8) D:9
    Orc: D:9-12

Altars:
Ashenzari
Fedhas
Makhleb
Pakellas
Qazlal
Sif Muna
The Shining One

Shops:
D:7 }

Annotations:
Lair:2 !wyv, Sonja


Innate Abilities, Weirdness & Mutations

You reflexively headbutt those who attack you in melee.
You have a pair of horns on your head.
[Scrolls take you much longer to read.]
[You are very clumsy. (Dex -4)]
[Your body often deteriorates upon taking damage.]
[You are very frail (-20% HP).]
[Your magical capacity is very low (-20% MP).]
[Your spells are much easier to cast, but much less powerful.]


Message History

A neqoxec comes into view.
Okay, then.
Drink which item? (? for menu, Esc to quit)
It was a potion of agility.
You feel agile all of a sudden.
The thrashing horror tramples you but does no damage. x2
The hellwing misses you. The hellwing completely misses you.
The hellwing hits you!
* * * LOW HITPOINT WARNING * * *
The hellwing hits you but does no damage.
Evoke which item? (* to show all) (? for menu, Esc to quit)
Zapping:
f - a wand of enslavement {zapped: 3} (will waste charges)
Press: ? - help, Shift-Dir - straight line, f - hellwing, p - thrashing horror
Aim: a hellwing (corpse armoured, chance to defeat MR: 15%)
The hellwing resists with almost no effort.
Evoking this partially-identified wand wasted a few charges.
The thrashing horror barely misses you. You furiously retaliate!
You headbutt the thrashing horror. The thrashing horror barely misses you.
The hellwing hits you!
You die...

##+# #.# # ##
#..###
###..## . ..
....# ...#
..4...
#.'....# .
... ...#..._#
## ## +#
..### #..##..
#..########
.....
#..#..X...#
...#..
#..3..4@4.#
#'##.
#############
.. . .. W ...
. #... . . .
. . # . . ...
. . # # # . .
#


You could see a thrashing horror, 2 hellwings and a neqoxec.

Vanquished Creatures
  A hydra (Lair:2)
  A death yak (Lair:1)
  A black mamba (Lair:1)
  A torpor snail (Lair:1)
  2 spiny frogs (Lair:1)
  A fire drake (Lair:1)
  A troll (D:9)
  3 blink frogs (Lair:1)
  A spriggan (D:8)
  6 yaks (D:9)
  A basilisk (Lair:1)
  3 hippogriffs
  A vampire mosquito (D:9)
  2 water moccasins (Lair:1)
  3 ice beasts
  2 black bears
  4 orc warriors
  5 sky beasts
  6 ogres
  A centaur (D:5)
  4 crocodiles (D:9)
  2 big kobolds
  12 giant frogs
  2 water moccasin zombies (D:9)
  2 scorpions
  3 wights (D:9)
  A giant frog zombie (D:6)
  2 centaur zombies
  A crimson imp (D:7)
  5 hounds
  A jelly (D:7)
  7 orc wizards
  An orc priest (D:7)
  A giant frog skeleton (D:5)
  5 worker ants
  Natasha (thrice) (D:2)
  5 iguanas
  7 sheep (Lair:1)
  2 hound skeletons (D:5)
  11 adders
  9 river rats
  An ooze (D:1)
  2 adder zombies (D:8)
  5 worms
  9 giant geckos
  23 orcs
  2 ball pythons
  8 giant cockroaches
  6 goblins
  9 hobgoblins
  20 jackals
  A quokka (D:3)
  9 bats
  A giant cockroach zombie (D:5)
  A giant gecko skeleton (D:7)
  3 giant newts
  10 kobolds
  9 rats
  A fungus (D:9)
  A plant (D:9)
253 creatures vanquished.

Vanquished Creatures (others)
  7 fungi (D:9)
7 creatures vanquished.

Grand Total: 260 creatures vanquished

Notes
Turn   | Place    | Note
--------------------------------------------------------------
     0 | D:1      | PierrePorte the Minotaur Berserker began the quest for the Orb.
     0 | D:1      | Reached XP level 1. HP: 19/19 MP: 0/0
    49 | D:1      | Reached skill level 4 in Axes
    55 | D:1      | Reached XP level 2. HP: 20/26 MP: 1/1
   286 | D:1      | Reached skill level 5 in Axes
   330 | D:1      | Reached ** piety under Trog
   334 | D:1      | Reached XP level 3. HP: 20/31 MP: 2/2
  1012 | D:2      | Noticed Natasha
  1020 | D:2      | Killed Natasha
  1020 | D:2      | Reached skill level 6 in Axes
  1020 | D:2      | Reached XP level 4. HP: 37/39 MP: 3/3
  1339 | D:2      | Noticed Natasha
  1347 | D:2      | Killed Natasha
  1347 | D:2      | Reached XP level 5. HP: 34/45 MP: 4/4
  1454 | D:2      | Reached skill level 7 in Axes
  1460 | D:2      | Noticed Natasha
  1475 | D:2      | Killed Natasha
  1589 | D:2      | Reached *** piety under Trog
  2948 | D:4      | Reached skill level 8 in Axes
  3051 | D:4      | Reached XP level 6. HP: 41/51 MP: 5/5
  3495 | D:5      | Entered Level 5 of the Dungeon
  3511 | D:5      | Noticed a sky beast
  3522 | D:5      | Killed a sky beast
  3522 | D:5      | Reached skill level 9 in Axes
  3696 | D:5      | Found a blossoming altar of Fedhas.
  3749 | D:5      | Reached XP level 7. HP: 48/57 MP: 6/6
  3865 | D:5      | Reached skill level 10 in Axes
  3983 | D:5      | Found a glowing golden altar of the Shining One.
  4223 | D:6      | Reached skill level 11 in Axes
  4312 | D:6      | Reached XP level 8. HP: 64/64 MP: 7/7
  4932 | D:6      | Reached skill level 12 in Axes
  5619 | D:7      | Found Mianaoha's Gadget Shoppe.
  5713 | D:7      | Reached **** piety under Trog
  5713 | D:7      | Reached skill level 13 in Axes
  5814 | D:7      | Found a staircase to the Ecumenical Temple.
  5824 | Temple   | Entered the Ecumenical Temple
  6346 | D:8      | Got a jewelled hand axe
  6355 | D:8      | Identified the +3 hand axe "Efimoe" {antimagic, MP+9 Str+4 Dex-3} (You found it on level 8 of the Dungeon)
  6373 | D:8      | Reached XP level 9. HP: 70/70 MP: 5/8
  6500 | D:8      | Reached skill level 14 in Axes
  6839 | D:8      | Reached skill level 15 in Axes
  7102 | D:9      | Found a stormy altar of Qazlal.
  7102 | D:9      | Found a deep blue altar of Sif Muna.
  7104 | D:9      | Found an oddly glowing altar of Pakellas.
  7374 | D:9      | Reached skill level 5 in Fighting
  7386 | D:9      | Reached skill level 5 in Armour
  7477 | D:9      | Reached XP level 10. HP: 80/84 MP: 6/9
  7684 | D:9      | Found a staircase to the Lair.
  8515 | Lair:1   | Entered Level 1 of the Lair of Beasts
  8515 | Lair:1   | Noticed a torpor snail
  8546 | Lair:1   | Killed a torpor snail
  9066 | Lair:1   | Reached skill level 10 in Fighting
  9116 | Lair:1   | Noticed a spiny frog
  9125 | Lair:1   | Killed a spiny frog
  9125 | Lair:1   | Reached XP level 11. HP: 64/99 MP: 6/10
  9180 | Lair:1   | Noticed a death yak
  9219 | Lair:1   | Killed a death yak
  9219 | Lair:1   | Reached skill level 10 in Armour
  9722 | Lair:2   | Noticed a six-headed hydra
 10054 | Lair:2   | Killed a six-headed hydra
 10224 | Lair:2   | Noticed Sonja
 10229 | Lair:2   | Cast into level 2 of the Abyss (Sonja)
 10229 | Abyss:2  | Found a corrupted altar of Lugonu.
 10284 | Abyss:2  | Noticed a wretched star
 10296 | Abyss:2  | Noticed a wretched star
 10304 | Abyss:2  | Gained mutation: [Scrolls take you much longer to read.] [a neqoxec]
 10453 | Abyss:2  | Noticed an eidolon
 10500 | Abyss:2  | Found a corrupted altar of Lugonu.
 10500 | Abyss:2  | Noticed a thrashing horror
 10523 | Abyss:2  | HP: 1/81 [hellwing (8)]
 10524 | Abyss:2  | Mangled by a hellwing

Vault maps used:
D:1:      onia_arrival_pentagram
D:2:      minmay_statues_item, grunt_ministairs_4, st_stairs_8, uniq_natasha
D:3:      first_bread
D:5:      tso_metal_star, basic_altar
D:7:      temple_fountains, serial_shops, shop_fountains
D:8:      fungi_pond_lemuel, the_bakery
D:9:      kennysheep_windowed_halls, gammafunk_temple_overflow_forgotten,
          grunt_lair_entry_orc_guard_hut
Temple:   lightli_temple_of_artemis
Lair:1:   grunt_megastairs_3
Lair:2:   wad_woods_structure_01, uniq_sonja, uniq_gastronok

Action                   |  1- 3 |  4- 6 |  7- 9 | 10-12 || total
-------------------------+-------+-------+-------+-------++-------
Melee: Hand axe          |    67 |   103 |   164 |   370 ||   704
       War axe           |       |    41 |    50 |       ||    91
       Broad axe         |       |       |   101 |       ||   101
 Fire: Hunting sling     |       |     6 |       |       ||     6
Throw: Javelin           |       |     4 |       |       ||     4
Invok: Trog's Hand       |     1 |     3 |     6 |    11 ||    21
       Berserk           |       |       |     1 |     2 ||     3
Evoke: Wand              |       |       |       |     8 ||     8
  Use: Scroll            |       |     4 |     1 |    15 ||    20
       Potion            |       |       |       |     2 ||     2
 Stab: Distracted        |       |       |       |     1 ||     1
  Eat: Chunk             |       |     9 |    12 |     9 ||    30
       Fruit             |       |       |     2 |       ||     2
       Meat ration       |       |       |       |     1 ||     1
